 Dungeon Crawl Stone Soup version 0.31-a0-662-g684573625c (webtiles) character file.

Game seed: 13167519649527063139

4841 2FriedEggs the Mimic (level 10, -1/156 HPs)
             Began as an Ogre Shapeshifter on Sept 1, 2023.
             Was a Believer of Ru.
             Succumbed to a scorpion's poison
             ... on level 7 of the Dungeon.
             The game lasted 00:22:21 (9896 turns).

2FriedEggs the Mimic (Ogre Shapeshifter)            Turns: 9896, Time: 00:22:22

Health: -1/156     AC:  8    Str: 24    XL:     10   Next: 49%
Magic:  10/10      EV:  9    Int: 17    God:    Ru [**....]
Gold:   576        SH:  0    Dex:  8    Spells: 8/9 levels left

rFire   . .          .
                       - Unarmed
rCold   + . .        (shield currently unavailable)
rNeg    + . .        b - +2 robe {rN+}
rPois   .            (helmet restricted)
rElec   .            t - +2 cloak
rCorr   .            (gloves unavailable)
SInv    .            (boots unavailable)
Will    +....        (no amulet) Stlth
                     s - +6 ring of intelligence
HPRegen 0.46/turn    (no ring)
MPRegen 0.12/turn

%: no passive effects
@: berserking (expiring), lethally poisoned (-1 -> -9), flux-form, glowing, very
quick
A: glow, contaminating, large, unfitting armour, tough skin 1, inability to use
devices, cold resistance 1
a: Begin Untransformation, Renounce Religion


You were on level 7 of the Dungeon.
You worshipped Ru.
Ru was pleased with you.
You were something dangerously unstable.
You visited 2 branches of the dungeon, and saw 9 of its levels.
You also visited: Bailey.

You collected 576 gold pieces.

Inventory:

Hand Weapons
 g - a +0 war axe
Missiles
 p - 8 datura-tipped darts
 w - a throwing net
 B - 18 curare-tipped darts (quivered)
Armour
 a - a +0 animal skin
 b - a +2 robe of positive energy (worn)
 t - a +2 cloak (worn)
Jewellery
 m - a ring of ice
 s - a +6 ring of intelligence (left hand)
Talismans
 c - a beast talisman
 d - a flux talisman (active)
Scrolls
 f - 2 scrolls of teleportation
 h - 2 scrolls of silence {unknown}
 i - 2 scrolls of vulnerability {unknown}
 j - 4 scrolls of identify {unknown}
 k - 2 scrolls of blinking {unknown}
 l - 2 scrolls of fog {unknown}
 n - a scroll of enchant weapon {unknown}
 o - a scroll of noise {unknown}
 q - 2 scrolls of fear {unknown}
 v - 2 scrolls of immolation {unknown}
 x - a scroll of summoning {unknown}
 y - 3 scrolls of poison {unknown}
Potions
 e - 2 potions of enlightenment
 z - a potion of attraction {unknown}
 A - a potion of ambrosia {unknown}


   Skills:
 + Level 8.0 Fighting
 - Level 1.7 Dodging
 * Level 8.4 Unarmed Combat
 * Level 10.4 Shapeshifting


You had 8 spell levels left.
You knew the following spells:

 Your Spells              Type           Power      Damage    Failure   Level
a - Slow                  Hex            0%         N/A       24%         1

Your spell library contained the following spells:

 Spells                   Type           Power      Damage    Failure   Level
 Sting                    Tmut/Pois      0%         1d3       24%         1
 Ensorcelled Hibernation  Hex/Ice        0%         N/A       34%         2
 Passwall                 Tmut/Erth      0%         N/A       34%         2
 Poisonous Vapours        Pois/Air       0%         N/A       34%         2
 Confusing Touch          Hex            0%         N/A       56%         3
 Swiftness                Air            0%         N/A       56%         3
 Vampiric Draining        Necr           0%         2d6       56%         3
 Olgreb's Toxic Radiance  Pois           0%         N/A       93%         4


Dungeon Overview and Level Annotations

Branches:
Dungeon (8/15)             Temple (1/1) D:5          Bailey (visited)
   Lair: D:8-11

Altars:
Ashenzari
Cheibriados
Dithmenos
Hepliaklqana
Kikubaaqudgha
Nemelex Xobeh
Okawaru
Qazlal
Ru
Sif Muna
Uskayaw
Vehumet
Wu Jian
Xom
Yredelemnul
Zin
The Shining One


Innate Abilities, Weirdness & Mutations

You are something dangerously unstable.
You glow with magical radiation, making you easy to see and hit.
Foes you strike become dangerously contaminated with magical radiation.
You are incapable of wielding weapons or throwing items.
You are too large for most types of armour.
You have tough skin. (AC +1)
You cannot study or use magical devices.
Your flesh is cold resistant. (rC+)


Message History

Amaemon is almost dead.
* * * LOW HITPOINT WARNING * * *
You feel very sick. The scorpion closely misses you. Amaemon barely misses you.
Amaemon claws you but does no damage. Amaemon barely misses you.
The scorpion closely misses you.
You completely miss Amaemon.
Amaemon is almost dead.
* * * LOW HITPOINT WARNING * * *
You feel sick.
Unknown command.
You barely miss Amaemon.
Amaemon is almost dead.
* * * LOW HITPOINT WARNING * * *
You feel very sick.
The scorpion stings you but does no damage. x2
Amaemon points at the scorpion and mumbles some strange words.
The scorpion seems to grow toxic.
You hit Amaemon.
Amaemon glows dangerously bright.
Amaemon is almost dead.
* * * LOW HITPOINT WARNING * * *
You feel very sick.
The scorpion stings you but does no damage.
The scorpion stings you.
* * * LOW HITPOINT WARNING * * *
You punch Amaemon!
You kill Amaemon!
The scorpion disappears in a puff of smoke! x2
* * * LOW HITPOINT WARNING * * *
You feel sick.
Your Fighting skill increases to level 8!
Unknown command.
You are too berserk!
* * * LOW HITPOINT WARNING * * *
You feel very sick.
You feel a strong urge to attack something.
* * * LOW HITPOINT WARNING * * *
You feel sick.
You are too berserk!
You die...

############
#########..........#
#............§.....#
#............§.....#####
#..........§)>.§B.)()..#
#..........§.).....###.#
#..........§§§.....# #.#
#..................#
#.##########
#..................#
#.#.........
########....########
#......).... #....#
#........... #....#
#..#....#... #....#
#..#.##.#.##


There were no monsters in sight!

Vanquished Creatures
  Amaemon (D:7)
  Joseph (D:7)
  Sigmund (D:2)
  A wyvern (D:7)
  A steam dragon (D:7)
  4 yaks (D:7)
  Grum (D:8)
  Menkaure (D:7)
  A water moccasin (D:5)
  An orc warrior (D:7)
  A black bear (D:5)
  4 wolves (D:8)
  2 centaurs (D:7)
  2 phantoms
  2 bullfrogs
  9 kobold brigands
  A gnoll sergeant (D:4)
  A scorpion (D:5)
  4 killer bees (D:7)
  4 howler monkeys
  4 hounds
  Crazy Yiuf (D:4)
  A gnoll bouda (D:7)
  A jelly (D:6)
  An orc priest (D:4)
  An iguana (D:5)
  A sleepcap (D:7)
  8 adders
  13 gnolls
  A shadow imp (D:7)
  A white imp (D:6)
  2 ufetubi
  6 worms
  3 dart slugs
  13 orcs
  6 bats
  6 endoplasms
  4 giant cockroaches
  5 goblins
  6 hobgoblins
  8 jackals
  34 kobolds
  2 quokkas
  4 ball pythons
  7 frilled lizards
  7 rats
189 creatures vanquished.

Notes
Turn   | Place    | Note
-------+----------+-------------------------------------------
     0 | D:1      | 2FriedEggs the Ogre Shapeshifter began the quest for the
                  | Orb.
     0 | D:1      | Reached XP level 1. HP: 19/19 MP: 1/1
   136 | D:1      | Reached XP level 2. HP: 11/28 MP: 2/2
   395 | D:1      | Reached XP level 3. HP: 30/35 MP: 3/3
  1216 | D:2      | Reached XP level 4. HP: 4/42 MP: 4/4
  1560 | D:2      | Noticed Sigmund
  1570 | D:2      | Killed Sigmund
  1571 | D:2      | Reached skill level 5 in Shapeshifting
  1571 | D:2      | Reached XP level 5. HP: 49/49 MP: 5/5
  1810 | D:3      | Reached XP level 6. HP: 56/57 MP: 6/6
  2421 | D:3      | Reached skill level 6 in Shapeshifting
  2554 | D:3      | Gained mutation: Your flesh is cold resistant. (rC+)
                  | [potion of mutation]
  3214 | D:4      | Found a glowing golden altar of the Shining One.
  3541 | D:4      | Reached XP level 7. HP: 65/65 MP: 7/7
  3604 | D:4      | Found a runed translucent door.
  3605 | D:4      | Noticed Crazy Yiuf
  3748 | D:4      | Killed Crazy Yiuf
  3782 | D:4      | Learned a level 1 spell: Slow
  3808 | D:5      | Entered Level 5 of the Dungeon
  3808 | D:5      | Found a shimmering blue altar of Sif Muna.
  3818 | D:4      | Reached skill level 7 in Shapeshifting
  4043 | D:5      | Noticed a +0 dagger
  4043 | D:5      | Noticed a +0 hand axe
  4044 | D:5      | Found a hide-covered altar of Uskayaw.
  4432 | D:5      | Reached XP level 8. HP: 66/75 MP: 8/8
  4704 | D:5      | Found a staircase to the Ecumenical Temple.
  4774 | D:5      | Identified the +2 leather armour of the Invisible Hand
                  | {Rampage rElec}
  4846 | Temple   | Entered the Ecumenical Temple
  4855 | Temple   | Became a worshipper of Ru the Awakened
  5745 | D:6      | Found a hazy altar of Hepliaklqana.
  5755 | D:6      | Found a shadowy altar of Dithmenos.
  5755 | D:6      | Noticed a shadow
  6393 | D:7      | Gained mutation: You cannot study or use magical devices.
                  | [Ru sacrifice]
  6393 | D:7      | Reached * piety under Ru
  6393 | D:7      | Reached ** piety under Ru
  6774 | D:7      | Reached skill level 5 in Unarmed Combat
  6774 | D:7      | Reached skill level 8 in Shapeshifting
  6838 | D:7      | Noticed a wyvern
  6849 | D:7      | Killed a wyvern
  6997 | D:7      | Noticed Menkaure
  7009 | D:7      | Killed Menkaure
  7010 | D:7      | Reached skill level 5 in Fighting
  7150 | D:7      | Reached XP level 9. HP: 64/88 MP: 9/9
  7317 | D:7      | Reached skill level 9 in Shapeshifting
  7798 | D:7      | Noticed Joseph
  7810 | D:7      | Killed Joseph
  8333 | D:8      | Found a flagged portal.
  8586 | D:8      | Noticed an orange demon
  8595 | D:7      | Reached XP level 10. HP: 70/102 MP: 10/10
  8851 | Bailey   | Entered a bailey
  9086 | D:8      | Noticed Amaemon
  9116 | D:8      | Reached skill level 10 in Shapeshifting
  9354 | D:8      | Found a broken altar of Ashenzari.
  9421 | D:8      | Noticed Grum
  9426 | D:8      | Noticed a two-headed ogre
  9515 | D:8      | Killed Grum
  9892 | D:7      | HP: 6/156 [poisoned by a scorpion]
  9893 | D:7      | Killed Amaemon
  9894 | D:7      | HP: 2/156 [poisoned by a scorpion]
  9896 | D:7      | Succumbed to a scorpion's poison

Illustrated notes

Levels and vault maps discovered:
D:1:      saegor_arrival_fortress, layout_loops_ring
D:2:      layout_loops_cross, solitary_fountain, kennysheep_cross_bottleneck,
          uniq_sigmund
D:3:      minmay_wonky_spiral, layout_rooms, minmay_misc_feat_four_crosses,
          st_stairs_13
D:4:      layout_rooms, mainiacjoe_overflow_chevrons, uniq_crazy_yiuf_cottage
D:5:      layout_rooms, dancing_weapons_uskayaw, nicolae_sif_muna_condensation,
          lemuel_temple_firewalk_b, kennysheep_generic_room_7
D:6:      layout_layer_cave, riverfiend_overflow_shadow_ancestor
D:7:      layout_basic, grunt_tough_drop, uniq_joseph, uniq_menkaure
D:8:      layout_rooms, nicolae_ashenzari_skybound, enter_bailey_1, uniq_grum,
          uniq_amaemon
Temple:   nicolae_temple_bog_church

Skill      XL: |  1  2  3  4  5  6  7  8  9 10 |
---------------+-------------------------------+-----
Unarmed Combat | 3 4 5 7 8 |  8.4
Fighting       | 2 3 5 7 8 |  8.0
Shapeshifting  | 5 6 7 8 9 10 | 10.4
Dodging        | |  1.7

Action                     |  1- 3 |  4- 6 |  7- 9 | 10-12 || total
---------------------------+-------+-------+-------+-------++-------
  Melee: Unarmed           |   111 |   212 |   317 |   147 ||   787
         Punch             |     3 |     3 |       |       ||     6
   Cast: Slow              |       |       |     2 |       ||     2
 Invoke: Sacrifice Artific |       |       |     1 |       ||     1
  Evoke: Wand              |       |       |     3 |       ||     3
    Use: Potion            |       |     5 |     1 |     2 ||     8
         Scroll            |       |       |     2 |     2 ||     4
   Stab: Paralysed         |       |       |     4 |       ||     4
         Invisible         |       |       |     1 |       ||     1
 Armour: Animal skin       |    77 |    15 |       |       ||    92
         Skin              |       |     3 |       |       ||     3
         Robe              |       |   150 |   293 |   152 ||   595
  Dodge: Dodged            |    50 |   102 |   162 |    88 ||   402
   Form: Flux              |       |       |     1 |       ||     1

Table legend: (Time is in decaauts)
 A = Elapsed time spent in this place.
 B = Non-inter-level travel time spent in this place.
 C = Inter-level travel time spent in this place.
 D = Time resting spent in this place.
 E = Time spent auto-exploring this place.
 F = Levels seen in this place.
 G = Mean time per level.
                   A        B        C        D        E       F      G
               +--------+--------+--------+--------+--------+-----+--------+
         Total |   9847 |   9263 |    584 |   2789 |   4491 |  10 |  984.7 |
       Dungeon |   9622 |   9044 |    578 |   2761 |   4421 |   8 | 1202.8 |
        Temple |     16 |     10 |      6 |      0 |      0 |   1 |   16.0 |
        Bailey |    207 |    207 |      0 |     28 |     70 |   1 |  207.0 |
               +--------+--------+--------+--------+--------+-----+--------+

Top non-repeatable levels by time:
     D:7: 2602 daAuts
     D:6: 1396 daAuts
     D:2: 1275 daAuts
     D:3: 1157 daAuts
     D:5: 959 daAuts
     D:4: 873 daAuts
     D:1: 814 daAuts
     D:8: 543 daAuts
  Bailey: 207 daAuts
  Temple: 16 daAuts
